 Dungeon Crawl Stone Soup version 0.27.1-33-g824d729ab1 (webtiles) character file.

Game seed: 2154195204359199731

77805 DoubleLucky the Grappler (level 15, -3/149 HPs)
             Began as a Troll Fighter on Dec 4, 2021.
             Was the Champion of Qazlal.
             Slain by an orc warrior (19 damage)
             ... on level 2 of the Orcish Mines.
             The game lasted 02:11:42 (20059 turns).

DoubleLucky the Grappler (Troll Fighter)           Turns: 20059, Time: 02:11:43

Health: -3/149     AC: 19    Str: 31    XL:     15   Next: 16%
Magic:  20/26      EV: 14    Int:  6    God:    Qazlal [******]
Gold:   2312       SH: 20    Dex:  9    Spells: 14/14 levels left

rFire    . . .     SeeInvis .     - Unarmed
rCold    + + .     Faith    .   b - +0 kite shield
rNeg     . . .     Spirit   .   B - +0 ice dragon scales
rPois    .         Reflect  .   V - +2 hat
rElec    .         Harm     .   W - +0 cloak {Will+}
rCorr    +         Rampage  .   (gloves unavailable)
Will     +++++                  (boots unavailable)
Stlth    ..........             (no amulet)
HPRegen  1.34/turn              n - ring of Prescription {*Slow rF+ Will+++ rCorr MP+9}
MPRegen  0.20/turn              l - +4 ring of evasion

@: protected from physical damage, hasted, studying Unarmed Combat, repel
missiles, very quick
A: large, unfitting armour, claws 3, regeneration 1, shaggy fur 1, tough skin 1
a: Renounce Religion, Upheaval, Elemental Force, Disaster Area


You were on level 2 of the Orcish Mines.
You worshipped Qazlal.
Qazlal was exalted by your worship.
You visited 4 branches of the dungeon, and saw 21 of its levels.
You also visited: Ossuary and Ice Cave.

You collected 2312 gold pieces.

Inventory:

Hand Weapons
 T - a +4 quick blade
Missiles
 d - 522 stones
 g - 2 boomerangs
 q - 69 poisoned darts (quivered)
 L - 6 silver boomerangs
 N - 3 javelins
 Q - 9 atropa-tipped darts
 R - 13 large rocks
Armour
 b - a +0 kite shield (worn)
 v - +0 steam dragon scales
 B - +0 ice dragon scales (worn)
 V - a +2 hat (worn)
 W - a +0 cloak of willpower (worn)
 Z - a +2 troll leather armour {Snorg}
Jewellery
 a - a ring of flight
 i - a +6 ring of intelligence
 l - a +4 ring of evasion (right claw)
 m - a +4 ring of protection
 n - the ring of Prescription (left claw) {*Slow rF+ Will+++ rCorr MP+9}
   (You acquired it on level 4 of the Lair of Beasts)

   [ring of magical power]

   rF:        It protects you from fire.
   MP:        It affects your magic capacity (+9).
   rCorr:     It protects you from acid and corrosion.
   *Slow:     It may slow you when you take damage.
   Will:      It greatly increases your willpower.
 x - a ring of protection from fire
 M - a ring of protection from cold
Wands
 u - a wand of acid (15)
 G - a wand of iceblast (28)
 U - a wand of digging (3)
Scrolls
 c - a scroll of amnesia
 e - 2 scrolls of fog {unknown}
 f - 2 scrolls of enchant weapon {unknown}
 j - 4 scrolls of fear
 p - a scroll of identify
 s - 2 scrolls of enchant armour
 w - a scroll of holy word {unknown}
 A - a scroll of torment {unknown}
 F - a scroll of silence
 I - 2 scrolls of brand weapon
 J - 5 scrolls of teleportation
Potions
 h - 3 potions of haste
 k - a potion of lignification
 o - 4 potions of flight
 r - a potion of magic {unknown}
 t - 2 potions of invisibility
 z - a potion of might
 C - 4 potions of brilliance
 D - 3 potions of mutation {unknown}
 E - 3 potions of curing
 K - a potion of ambrosia {unknown}
 P - a potion of resistance {unknown}
 X - a potion of cancellation {unknown}


   Skills:
 + Level 10.2 Fighting
 + Level 10.7 Throwing
 - Level 5.0 Armour
 - Level 10.0 Dodging
 - Level 11.0 Shields
 + Level 12.6 Unarmed Combat
 + Level 5.1 Invocations


You had 14 spell levels left.
You didn't know any spells.
Your spell library contained the following spells:

 Spells                   Type           Power      Damage    Failure   Level
 Magic Dart               Conj           0%         1d3       73%         1
 Blink                    Tloc           N/A        N/A       86%         2
 Call Imp                 Summ           0%         N/A       86%         2
 Dazzling Flash           Conj/Hex       0%         N/A       97%         3
 Gell's Gravitas          Tloc           0%         N/A       97%         3
 Inner Flame              Hex/Fire       0%         N/A       97%         3
 Mephitic Cloud           Conj/Pois/Air  0%         N/A       97%         3
 Teleport Other           Tloc           0%         N/A       97%         3
 Cause Fear               Hex            0%         N/A       100%        4
 Hailstorm                Conj/Ice       0%         3d3       100%        4
 Ice Form                 Ice/Tmut       0%         N/A       100%        4
 Iskenderun's Mystic Bla  Conj/Tloc      0%         2d3       100%        4
 Summon Lightning Spire   Summ/Air       0%         N/A       100%        4
 Manifold Assault         Tloc           0%         N/A       100%        5
 Dispersal                Tloc           0%         N/A       100%        6
 Simulacrum               Ice/Necr       0%         N/A       100%        6
 Starburst                Conj/Fire      0%         6d3       100%        6
 Storm Form               Tmut/Air       0%         N/A       100%        7
 Discord                  Hex            0%         N/A       100%        8
 Maxwell's Capacitive Co  Air            0%         ∞         100%        8


Dungeon Overview and Level Annotations

Branches:
Dungeon (12/15)            Temple (1/1) D:4            Lair (6/6) D:10
  Swamp (0/4) Lair:3        Snake (0/4) Lair:2        Slime (0/5) Lair:6
    Orc (2/2) D:12        Ossuary (visited)           IceCv (visited)
    Elf: Orc:2

Altars:
Ashenzari
Elyvilon
Fedhas
Gozag
Hepliaklqana
Kikubaaqudgha
Makhleb
Nemelex Xobeh
Okawaru
Qazlal
Ru
Sif Muna
Trog
Uskayaw
Vehumet
Wu Jian
Xom
Yredelemnul
Zin
The Shining One
Beogh

Shops:
D:3 :   D:6 :

Annotations:
D:7 1 runed translucent door, Crazy Yiuf
Lair:1 1 runed translucent door, exclusion: oklob plant, Holzbalken's ghost, journeyman DsGl
Lair:2 3 runed translucent doors, Junaliek's ghost, journeyman MiFi


Innate Abilities, Weirdness & Mutations

You are too large for most types of armour.
You have claws for hands.
Your natural rate of healing is unusually fast.
You are covered in fur. (AC +1)
You have tough skin. (AC +1)


Message History

The sixfirhy disappears in a puff of smoke!
The orc knight hits you but does no damage.
The orc knight roars a battlecry!
The orc knight goes into a battle-frenzy!
You barely miss the orc sorcerer.
You hear a shout! x2
You block the orc sorcerer's attack.
You barely miss the orc sorcerer. You block the orc knight's attack.
The orc knight hits you with a +0 dire flail!!
* * * LOW HITPOINT WARNING * * *
The orc sorcerer hits you but does no damage.
An orc warrior comes into view.
It is wielding a +2 flail of protection.
The orc knight roars a battlecry!
The orc warrior goes into a battle-frenzy!
The orc knight is engulfed in freezing vapours.
The orc priest calls upon Beogh to heal the orc knight.
The orc knight is healed somewhat.
The orc sorcerer hits you but does no damage.
Okay, then.
The orc priest no longer looks unusually strong.
The orc knight roars a battlecry!
The orc priest goes into a battle-frenzy!
You hear a shout! x2
The orc knight no longer looks unusually strong.
The orc knight roars a battlecry!
The orc knight goes into a battle-frenzy!
The orc sorcerer gestures wildly while chanting.
You feel yourself speed up. You block the orc warrior's attack.
You closely miss the orc warrior. You block the orc warrior's attack.
You claw the orc warrior!
The orc warrior is moderately wounded.
You hear a shout!
The sun demon closely misses you.
The orc sorcerer gestures wildly while chanting.
Okay, then.
Clouds arounds you coalesce and take form!
You hear a shout!
The orc warrior hits you with a +2 flail of protection!!
You die...

.............#.##......
..........#.....#.#....
.........#.....#.....).
.#....3...........#....
........E#.#......#...#
#.......o.o°...........
.....E○E.oo.........)..
....#o3####..#....).#.
. #@## #.....#(..#. ###
#....)(#.##.
##4..)).#.#.#
#.o.(.)......
#.)))).......
##)#......#.#
....8.))(#...(.###
...o.....#.##.##
....o.o..... .#


You could see an orc knight (strong), a sun demon (summoned), a smoke demon
(summoned), an orc sorcerer (strong, ally target), an orc warrior (strong, ally
target), an orc priest (strong) and 3 friendly earth elementals.

Vanquished Creatures
  Gastronok (Lair:2)
  An orc warlord (Orc:1)
  Snorg (Lair:5)
  9 hydras
  2 catoblepae
  5 two-headed ogres
  4 death yaks (Lair:6)
  2 orc high priests (Orc:1)
  A deep elf knight (Orc:1)
  Nergalle (Lair:2)
  A bog body (Lair:3)
  2 deep elf zephyrmancers (Orc:1)
  3 ugly things
  2 orc sorcerers
  3 cyclopes
  A manticore (D:11)
  7 black mambas
  3 ice statues (IceCv)
  4 elephants
  2 torpor snails
  21 cane toads
  An unseen horror (D:10)
  A kobold demonologist (D:12)
  6 rime drakes
  13 komodo dragons
  An entropy weaver simulacrum (IceCv)
  A troll (Orc:2)
  10 polar bears
  9 hornets
  A meliai (shapeshifter) (D:10)
  8 dream sheep
  14 blink frogs
  6 slime creatures (D:12)
  Sigmund (D:2)
  2 shadows
  60 yaks
  13 spriggans (Lair:6)
  A wraith (D:12)
  5 wyverns
  Eustachio (D:4)
  A dire elephant simulacrum (IceCv)
  3 basilisks
  2 death yak simulacra (IceCv)
  2 steam dragons (D:10)
  6 wargs
  2 acid dragons
  22 water moccasins
  4 swamp worms (Lair:3)
  A hornet zombie (D:8)
  2 ice beasts
  6 black bears
  16 orc warriors
  2 sky beasts
  28 wolves
  6 ogres
  4 boggarts (Lair:6)
  4 centaurs
  4 elf zombies (Ossuary)
  2 kobold brigands
  14 bullfrogs
  4 scorpions
  3 cane toad simulacra (IceCv)
  A gnoll sergeant (D:8)
  2 water moccasin zombies
  A wyvern skeleton (D:7)
  10 killer bees
  An electric eel (Lair:3)
  4 howler monkeys
  5 wights
  2 bullfrog zombies
  2 human zombies (Ossuary)
  9 centaur zombies
  4 hounds
  18 orc priests
  7 jellies
  A centaur skeleton (D:6)
  2 bullfrog skeletons
  3 gnoll shamans
  2 iguanas
  22 orc wizards
  A wolf simulacrum (IceCv)
  A hound skeleton (D:5)
  3 mummies (Ossuary)
  18 gnolls
  5 adders
  2 white imps (D:6)
  An adder skeleton (D:4)
  2 dart slugs
  45 orcs
  9 ball pythons
  A bat (D:3)
  11 endoplasms
  5 giant cockroaches
  7 goblins
  6 hobgoblins
  3 jackals (D:4)
  A quokka (D:4)
  2 frilled lizards
  18 kobolds
  3 rats
608 creatures vanquished.

Vanquished Creatures (others)
  A blink frog (Lair:6)
  A bush (Lair:6)
  55 fungi
  50 plants
107 creatures vanquished.

Grand Total: 715 creatures vanquished

Notes
Turn   | Place    | Note
-------+----------+-------------------------------------------
     0 | D:1      | DoubleLucky the Troll Fighter began the quest for the Orb.
     0 | D:1      | Reached XP level 1. HP: 22/22 MP: 0/0
   111 | D:1      | Reached XP level 2. HP: 27/29 MP: 1/1
   700 | D:2      | Noticed Sigmund
   742 | D:2      | Killed Sigmund
   743 | D:2      | Reached skill level 1 in Throwing
   743 | D:2      | Reached skill level 3 in Unarmed Combat
   743 | D:2      | Reached XP level 3. HP: 24/37 MP: 2/2
   743 | D:2      | Reached XP level 4. HP: 30/45 MP: 3/3
   743 | D:2      | Reached XP level 5. HP: 35/53 MP: 4/4
  1063 | D:2      | Found a bloodstained altar of Trog.
  1656 | D:3      | Found Siazer's Book Emporium.
  2260 | D:3      | Reached XP level 6. HP: 61/61 MP: 5/5
  2310 | D:4      | Noticed a sky beast
  2326 | D:3      | Killed a sky beast
  2386 | D:4      | Reached XP level 7. HP: 52/67 MP: 6/6
  2440 | D:4      | Reached skill level 4 in Unarmed Combat
  2474 | D:4      | Found a glowing golden altar of the Shining One.
  2657 | D:4      | Found a sand-covered staircase.
  2662 | Ossuary  | Entered an ossuary
  2800 | Ossuary  | Reached XP level 8. HP: 74/78 MP: 7/7
  2889 | D:4      | Found a staircase to the Ecumenical Temple.
  2896 | Temple   | Entered the Ecumenical Temple
  3284 | D:4      | Found a sacrificial altar of Ru.
  3393 | D:4      | Found a sparkling altar of Nemelex Xobeh.
  3402 | D:4      | Noticed Eustachio
  3430 | D:4      | Killed Eustachio
  3431 | D:4      | Reached skill level 5 in Unarmed Combat
  3737 | D:5      | Entered Level 5 of the Dungeon
  4084 | D:5      | Reached skill level 5 in Dodging
  4084 | D:5      | Reached skill level 5 in Shields
  4234 | D:5      | Reached skill level 5 in Fighting
  4234 | D:5      | Reached XP level 9. HP: 83/88 MP: 8/8
  5018 | D:6      | Reached skill level 6 in Unarmed Combat
  5073 | D:6      | Found Kinkicw's Book Boutique.
  5114 | D:6      | Reached skill level 5 in Throwing
  5307 | D:6      | Found a shimmering blue altar of Sif Muna.
  5984 | D:7      | Found a runed translucent door.
  5985 | D:7      | Noticed Crazy Yiuf
  6330 | D:7      | Reached XP level 10. HP: 98/98 MP: 9/9
  7252 | D:8      | Reached skill level 7 in Unarmed Combat
  8590 | D:9      | Found a broken altar of Ashenzari.
  8590 | D:9      | Found a stormy altar of Qazlal.
  8592 | D:9      | Found a hazy altar of Hepliaklqana.
  8598 | D:9      | Became a worshipper of Qazlal Stormbringer
  8698 | D:9      | Noticed a two-headed ogre
  8752 | D:9      | Killed a two-headed ogre
  9245 | D:9      | Reached XP level 11. HP: 84/107 MP: 10/10
  9258 | D:9      | Reached skill level 8 in Unarmed Combat
  9334 | D:10     | Entered Level 10 of the Dungeon
  9367 | D:10     | Reached * piety under Qazlal
  9406 | D:10     | Found a staircase to the Lair.
 10097 | D:10     | Found a glowing golden altar of the Shining One.
 10338 | D:10     | Found a hide-covered altar of Uskayaw.
 10527 | D:10     | Noticed a two-headed ogre
 10544 | D:10     | Killed a two-headed ogre
 10587 | D:10     | Reached skill level 1 in Armour
 10681 | Lair:1   | Entered Level 1 of the Lair of Beasts
 10684 | Lair:1   | Identified 2 scrolls of acquirement
 10684 | Lair:1   | Acquired a +4 quick blade
 10725 | Lair:1   | Acquired a +0 hat
 11011 | Lair:1   | Reached ** piety under Qazlal
 11106 | Lair:1   | Noticed a six-headed hydra
 11121 | Lair:1   | Killed a six-headed hydra
 11213 | Lair:1   | Noticed an oklob plant
 11296 | Lair:1   | Found a runed translucent door.
 11298 | Lair:1   | Noticed Holzbalken's ghost (journeyman DsGl)
 11602 | Lair:2   | Noticed a six-headed hydra
 11693 | Lair:1   | Killed a six-headed hydra
 11694 | Lair:1   | Reached XP level 12. HP: 61/118 MP: 11/11
 11925 | Lair:2   | Reached skill level 5 in Armour
 12021 | Lair:2   | Found a staircase to the Snake Pit.
 12325 | Lair:2   | Reached skill level 9 in Unarmed Combat
 12337 | Lair:2   | Noticed Gastronok
 12360 | Lair:2   | Killed Gastronok
 12491 | Lair:2   | Reached *** piety under Qazlal
 12509 | Lair:2   | Noticed Nergalle
 12533 | Lair:2   | Killed Nergalle
 12657 | Lair:2   | Found a runed translucent gate.
 12657 | Lair:2   | Found a runed translucent gate.
 12658 | Lair:2   | Found a runed translucent gate.
 12658 | Lair:2   | Noticed Junaliek's ghost (journeyman MiFi)
 12658 | Lair:2   | Noticed a ten-headed hydra
 12658 | Lair:2   | Noticed a ten-headed hydra
 12882 | Lair:2   | Found the +5 sword of Power {vorpal}
 13036 | Lair:3   | Noticed a six-headed hydra
 13038 | Lair:3   | Noticed a six-headed hydra
 13050 | Lair:3   | Killed a six-headed hydra
 13057 | Lair:3   | Killed a six-headed hydra
 13058 | Lair:3   | Reached XP level 13. HP: 40/127 MP: 12/12
 13209 | Lair:3   | Found a frozen archway.
 13227 | IceCv    | Entered an ice cave
 13298 | IceCv    | Reached **** piety under Qazlal
 13444 | Lair:3   | Reached skill level 10 in Unarmed Combat
 13616 | Lair:3   | Reached skill level 10 in Shields
 13628 | Lair:3   | Acquired a +0 cloak of willpower
 14067 | Lair:3   | Found a staircase to the Swamp.
 14413 | Lair:4   | Reached ***** piety under Qazlal
 14426 | Lair:4   | Identified the +1 pair of gloves of the Forsaken Shrikes
                  | {rF- Str+8}
 14683 | Lair:4   | Reached skill level 1 in Invocations
 14744 | Lair:4   | Identified the ring of Xorook {*Corrode rElec EV+4 Int+4}
 14748 | Lair:4   | Acquired the ring of Prescription {*Slow rF+ Will+++ rCorr
                  | MP+9}
 15270 | Lair:4   | Reached XP level 14. HP: 121/140 MP: 14/14
 15371 | Lair:5   | Acquired 732 gold pieces
 15390 | Lair:5   | Noticed Snorg
 15403 | Lair:5   | Killed Snorg
 15611 | Lair:5   | Acquired a manual of Unarmed Combat
 16038 | Lair:6   | Entered Level 6 of the Lair of Beasts
 16038 | Lair:6   | Found a bloodstained altar of Trog.
 16244 | Lair:6   | Found a staircase to the Slime Pits.
 16488 | Lair:6   | Reached skill level 11 in Unarmed Combat
 16937 | Lair:6   | Reached skill level 10 in Throwing
 17144 | Lair:6   | Reached ****** piety under Qazlal
 18652 | D:12     | Reached skill level 12 in Unarmed Combat
 18683 | D:12     | Reached skill level 10 in Dodging
 18786 | D:12     | Found a staircase to the Orcish Mines.
 18863 | D:12     | Reached skill level 10 in Fighting
 19224 | Orc:1    | Entered Level 1 of the Orcish Mines
 19464 | Orc:1    | Reached XP level 15. HP: 135/149 MP: 17/17
 19477 | Orc:1    | Noticed an orc warlord
 19490 | Orc:1    | Killed an orc warlord
 19502 | Orc:1    | Identified the +0 chain mail "Ruri" {rElec Regen+ Str+8
                  | Dex-2}
 19804 | Orc:2    | Entered Level 2 of the Orcish Mines
 19851 | Orc:2    | Reached skill level 5 in Invocations
 20059 | Orc:2    | Slain by an orc warrior

Illustrated notes

Levels and vault maps discovered:
D:1:      lemuel_arrival_cross, layout_loops_ring, minmay_pentomino_p4
D:2:      layout_loops_ring, basic_altar, uniq_sigmund
D:3:      layout_basic, serial_shops, shop
D:4:      layout_gridville, tso_altar, nicolae_overflow_hidden_temple,
          minmay_temple_entry_junction, enter_ossuary_5, uniq_eustachio
D:5:      layout_gridville, st_stairs_14
D:6:      layout_loops_ring, led_sif_pool, serial_shops, shop,
          roderic_serpentine_path, st_stairs_4
D:7:      layout_loops_ring, kennysheep_generic_room_4, uniq_crazy_yiuf_cottage
D:8:      layout_gridville
D:9:      layout_basic, grunt_temple_overflow_open
D:10:     cheibrodos_steamvent, layout_basic, mainiacjoe_overflow_alcove_4,
          erik_lair_orcish_takeover, serial_bayou_pond_b, minmay_ruined_shrine
D:11:     layout_basic, wad_floor_pattern_1
D:12:     layout_loops_ring
Temple:   minmay_temple_bridge_abc
Lair:1:   layout_gridlike, ebering_ghost_inner_flame, grunt_forest_stairs_basic,
          cheibrodos_lair_lostbears, minmay_lair_oklob_chamber,
          lemuel_fruit_tree
Lair:2:   layout_loops_ring, dummy_snake_entry, gammafunk_ghost_hydra_chop,
          chequers_serial_rivers_room_b, minmay_hedge_maze,
          beast_lair_carwin_10, serial_bayou_shore_a, uniq_nergalle,
          uniq_gastronok
Lair:3:   layout_roguey, nicolae_swamp_entry_splash_gauntlet,
          portal_ice_cave_rime, minivault_26, hangedman_lair_generics_rect,
          grunt_megastairs_5
Lair:4:   layout_cave_shapes
Lair:5:   layout_concentric_octagons, uniq_snorg
Lair:6:   minmay_lair_end_enchanted_forest, layout_loops_ring,
          nicolae_slime_entry_slimehenge, basic_altar
Orc:1:    layout_diamond_mine, basic_altar, elf_legates
Orc:2:    grunt_orc_cross, layout_caves, mines2_lemuel

Skill      XL: |  1  2  3  4  5  6  7  8  9 10 11 12 13 14 15 |
---------------+----------------------------------------------+-----
Fighting       | 3 4 5 6 7 8 9 10 | 10.2
Throwing       | 1 2 3 4 5 6 7 8 9 10 | 10.7
Dodging        | 3 4 5 6 7 8 9 10 | 10.0
Shields        | 3 4 5 6 8 9 10 11 | 11.0
Unarmed Combat | 3 4 5 6 7 8 9 10 12 | 12.6
Armour         | 4 5 |  5.0
Invocations    | 1 4 5 |  5.1

Action                   |  1- 3 |  4- 6 |  7- 9 | 10-12 | 13-15 || total
-------------------------+-------+-------+-------+-------+-------++-------
Melee: Unarmed           |    60 |   141 |   454 |   644 |   877 ||  2176
       Quick blade       |       |       |       |    34 |     9 ||    43
Throw: Stone             |       |       |   103 |    31 |   220 ||   354
       Dart              |       |       |     4 |    17 |   219 ||   240
       Boomerang         |       |       |       |   180 |    12 ||   192
       Large rock        |       |       |       |       |     4 ||     4
Invok: Elemental Force   |       |       |       |       |     1 ||     1
Evoke: Wand              |       |       |       |       |    12 ||    12
  Use: Potion            |     1 |     2 |     1 |     6 |     2 ||    12
       Scroll            |       |     2 |     3 |    11 |     8 ||    24
 Stab: Invisible         |       |       |       |     1 |       ||     1
Armor: Robe              |    18 |    26 |    84 |    39 |       ||   167
       Steam dragon scal |       |       |       |    62 |    16 ||    78
       Ice dragon scales |       |       |       |       |   200 ||   200
Dodge: Dodged            |    10 |    30 |   201 |   318 |   319 ||   878
       Repelled          |       |       |       |       |     4 ||     4
Block: Kite shield       |    15 |    54 |   223 |   522 |   784 ||  1598
       Reflection        |       |       |       |     1 |     1 ||     2
